 Dungeon Crawl Stone Soup version 0.27-a0-1331-g60ef6b6952 (webtiles) character file.

Game seed: 4546507757456320014

55 Froggeryz the Cutter (level 3, -1/39 HPs)
             Began as an Octopode Berserker on June 25, 2021.
             Was a Believer of Trog.
             Slain by an orc (2 damage)
             ... on level 3 of the Dungeon.
             The game lasted 00:01:45 (2398 turns).

Froggeryz the Cutter (Octopode Berserker)           Turns: 2398, Time: 00:01:46

Health: -1/39      AC:  1    Str: 17    XL:     3   Next: 93%
Magic:  3/3        EV: 13    Int: 15    God:    Trog [**....]
Gold:   122        SH:  0    Dex: 11    Spells: 2/2 levels left

rFire    . . .     SeeInvis .   a - +0 short sword
rCold    . . .     Faith    .   (no shield)
rNeg     . . .     Spirit   .   (helmet restricted)
rPois    .         Reflect  .   (no amulet)
rElec    .         Harm     .   b - +6 ring of intelligence
rCorr    .         Rampage  .   (no ring)
Will     .....                  (no ring)
Stlth    ..........             (no ring)
HPRegen  0.13/turn              (no ring)
MPRegen  0.08/turn              (no ring)
                                (no ring)
                                (no ring)

@: berserking, very quick
A: almost no armour, amphibious, 8 rings, camouflage 1, gelatinous body 1,
(nimble swimmer 1), tentacles
a: Renounce Religion, Berserk, Trog's Hand


You were on level 3 of the Dungeon.
You worshipped Trog.
Trog was pleased with you.
You visited 1 branch of the dungeon, and saw 3 of its levels.

You collected 122 gold pieces.

Inventory:

Hand Weapons
 a - a +0 short sword (weapon)
Missiles
 f - 11 poisoned darts (quivered)
Jewellery
 b - a +6 ring of intelligence (left tentacle)
Scrolls
 c - a scroll of identify {unknown}
 d - a scroll of enchant armour {unknown}
Potions
 e - a potion of brilliance {unknown}
 h - a potion of might {unknown}


   Skills:
 - Level 3.0 Fighting
 * Level 4.2 Short Blades
 - Level 3.0 Dodging
 + Level 2.6 Stealth


You had 2 spell levels left.
You didn't know any spells.
Your spell library was empty.

Dungeon Overview and Level Annotations

Branches:
Dungeon (3/15)

Altars:
Zin

Shops:
D:1 =


Innate Abilities, Weirdness & Mutations

You cannot wear most types of armour.
You are amphibious.
You can wear up to eight rings at the same time.
Your skin changes colour to match your surroundings (Stealth+).
Your rubbery body absorbs attacks. (AC +1, EV +1)
((You are camouflaged near water. (Stealth+)))
You have tentacles for arms and can constrict up to eight enemies at once.


Message History

There is a stone staircase leading down here.
You are too injured to fight recklessly!
You are too injured to fight recklessly!
You are too injured to fight recklessly!
You barely miss the hobgoblin. You grab the hobgoblin.
You constrict the hobgoblin. The hobgoblin closely misses you.
The rat completely misses you.
You hit the hobgoblin.
You kill the hobgoblin!
Trog accepts your kill. The rat bites you but does no damage.
You hit the rat.
You kill the rat!
Trog accepts your kill.
You see here a rat corpse.
There is a stone staircase leading down here.
You start resting.
HP restored.
You climb downwards.
The orc closely misses you.
The orc hits you with a +2 short sword of flaming.
The orc burns you. The orc hits you with a +0 hand axe. The orc misses you.
The orc closely misses you. The orc misses you.
There is a stone staircase leading up here.
A red film seems to cover your vision as you go berserk!
You feel yourself moving faster!
You feel mighty! The orc hits you with a +0 hand axe!
The orc hits you with a +0 falchion.
A rat comes into view.
The orc barely misses you.
The orc hits you with a +2 short sword of flaming.
The orc burns you.
You puncture the orc!
You kill the orc!
Trog accepts your kill. The orc hits you with a +0 hand axe!
* * * LOW HITPOINT WARNING * * *
The orc closely misses you.
The orc hits you from afar with a +0 trident.
* * * LOW HITPOINT WARNING * * *
The orc barely misses you. The orc hits you with a +0 hand axe.
You die...

.. .... #.
...# #. ...#
#. ...# #.
...# #
###.#...#.#
#..).<..r.#
###.##@##.#
.......oo†.#
####..o....#
#.##.##.#
... ..# .#
.## .... . #
...(. ..
..#### ##
##.


You could see 3 orcs and a rat.

Vanquished Creatures
  An adder (D:2)
  A worm (D:2)
  A dart slug (D:2)
  An orc (D:3)
  2 endoplasms (D:2)
  A giant cockroach (D:2)
  3 goblins
  3 hobgoblins
  4 jackals (D:2)
  6 ball pythons
  A bat (D:2)
  8 frilled lizards
  3 kobolds
  5 rats (D:2)
40 creatures vanquished.

Notes
Turn   | Place    | Note
-------+----------+-------------------------------------------
     0 | D:1      | Froggeryz the Octopode Berserker began the quest for the
                  | Orb.
     0 | D:1      | Reached XP level 1. HP: 16/16 MP: 1/1
   170 | D:1      | Found Jeilew's Jewellery Boutique.
   315 | D:1      | Reached skill level 1 in Stealth
   318 | D:1      | Reached XP level 2. HP: 9/21 MP: 2/2
   531 | D:1      | Found a faded altar of an unknown god.
  1171 | D:2      | Reached XP level 3. HP: 19/26 MP: 3/3
  1368 | D:2      | Found a glowing silver altar of Zin.
  1506 | D:2      | Reached skill level 4 in Short Blades
  1509 | D:2      | Reached ** piety under Trog
  2398 | D:3      | HP: 1/39 [orc (6)]
  2398 | D:3      | Slain by an orc

Illustrated notes

Levels and vault maps discovered:
D:1:      giann_horns, layout_basic, serial_shops, shop,
          ebering_ecumenical_altar_box, minmay_lizard_pond
D:2:      layout_basic, basic_altar
D:3:      layout_loops_cross, uniq_sigmund

Skill      XL: |  1  2  3 |
---------------+----------+-----
Stealth        | 1 2 |  2.6
Short Blades   | 4 |  4.2
Fighting       | |  3.0
Dodging        | |  3.0

Action                   || total
-------------------------++-------
Melee: Short sword       ||    79
       Constrict         ||    18
       Tentacles         ||     9
Invok: Berserk           ||     3
 Stab: Sleeping          ||     4
Armor: Skin              ||     6
Dodge: Dodged            ||    71

Table legend: (Time is in decaauts)
 A = Elapsed time spent in this place.
 B = Non-inter-level travel time spent in this place.
 C = Inter-level travel time spent in this place.
 D = Time resting spent in this place.
 E = Time spent auto-exploring this place.
 F = Levels seen in this place.
 G = Mean time per level.
                   A        B        C        D        E       F      G
               +--------+--------+--------+--------+--------+-----+--------+
         Total |   2413 |   2364 |     49 |    595 |   1577 |   3 |  804.3 |
       Dungeon |   2413 |   2364 |     49 |    595 |   1577 |   3 |  804.3 |
               +--------+--------+--------+--------+--------+-----+--------+

Top non-repeatable levels by time:
     D:2: 1344 daAuts
     D:1: 1059 daAuts
     D:3: 9 daAuts
